 Dungeon Crawl Stone Soup version 0.21-a0-2-ge494091 (webtiles) character file.

2045 TheGoonsmith the Basher (level 9, 0/97 HPs)
             Began as a Demonspawn Berserker on May 22, 2017.
             Was a Believer of Trog.
             Slain by a vampire
             ... wielding an uncursed staff of poison
              (9 damage)
             ... on level 6 of the Dungeon.
             The game lasted 00:10:09 (5336 turns).

TheGoonsmith the Basher (Demonspawn Berserker)      Turns: 5336, Time: 00:10:10

Health: 0/97       AC: 17    Str: 22      XL:     9   Next: 4%
Magic:  9/9        EV:  8    Int:  9      God:    Trog [**....]
Gold:   332        SH:  0    Dex: 15 (16) Spells: 8/8 levels left

rFire    . . .     SeeInvis .   y - +0 great mace
rCold    . . .     Gourm    .   (shield currently unavailable)
rNeg     . . .     Faith    .   d - +2 chain mail {rPois}
rPois    +         Spirit   .   (helmet restricted)
rElec    .         Reflect  .   z - +0 cloak
rCorr    .         Harm     .   t - +0 pair of gloves
MR       ++...                  o - +0 pair of boots
Stlth    ..........             (no amulet)
Regen    1.3/turn               (no ring)
MPRegen  0.2/turn               (no ring)

@: berserking, regenerating, very quick
A: antennae 2, yellow scales 1, demonic guardian 1, nightstalker 2
a: Berserk, Trog's Hand, Burn Spellbooks, Renounce Religion


You were on level 6 of the Dungeon.
You worshipped Trog.
Trog was pleased with you.
You were not hungry.

You visited 1 branch of the dungeon, and saw 7 of its levels.

You collected 332 gold pieces.

Inventory:

Hand Weapons
 a - a +0 mace
 y - a +0 great mace (weapon)
Missiles
 m - 4 exploding tomahawks (quivered)
 G - 5 javelins
 I - 8 silver javelins
Armour
 b - a +0 animal skin
 d - a +2 chain mail of poison resistance (worn)
 o - a +0 pair of boots (worn)
 r - a +0 plate armour
 t - a +0 pair of gloves (worn)
 w - a +0 buckler
 z - a +0 cloak (worn)
Jewellery
 l - an uncursed amulet of regeneration {unknown}
 B - a +2 ring of evasion {unknown}
Wands
 j - a wand of paralysis (9/24)
Scrolls
 f - 2 scrolls of teleportation
 g - 6 scrolls of remove curse
 i - 2 scrolls of amnesia
 k - a scroll of fear
 x - 2 scrolls of fog
 F - a scroll of recharging
Potions
 e - a potion of brilliance {unknown}
 h - 3 potions of flight {unknown}
 n - 3 potions of curing
 p - 2 potions of mutation {unknown}
 q - 2 potions of invisibility {unknown}
 s - 3 potions of cancellation {unknown}
 u - 6 potions of heal wounds {unknown}
 v - a potion of ambrosia {unknown}
 A - a potion of lignification {unknown}
 C - 2 potions of haste
 E - a potion of resistance {unknown}
Comestibles
 c - 7 bread rations
 D - 3 meat rations


   Skills:
 - Level 3.7 Fighting
 * Level 10.2 Maces & Flails
 - Level 4.2 Armour
 - Level 1.7 Dodging


You had 8 spell levels left.
You didn't know any spells.

Dungeon Overview and Level Annotations

Branches:
Dungeon (7/15)             Temple (0/1) D:5

Altars:
Dithmenos
Sif Muna
Wu Jian

Shops:
D:5 [   D:6 %


Innate Abilities, Weirdness & Mutations

You have a pair of antennae on your head.
You are partially covered in yellow scales. (AC +2)
A weak demonic guardian rushes to your aid.
You are significantly more attuned to the shadows.


Message History

The vampire hits you with a staff of poison!
* * * LOW HITPOINT WARNING * * *
The vampire bites you but does no damage.
You're too confused!
You feel better.
The vampire hits you but does no damage.
The vampire barely misses you.
Your skin crawls.
You feel resistant to hostile enchantments.
You feel somewhat more hungry.
The vampire hits you with a staff of poison!
* * * LOW HITPOINT WARNING * * *
The vampire completely misses you.
A red film seems to cover your vision as you go berserk!
You feel yourself moving faster!
You feel mighty!
You feel quite a bit more hungry.
The vampire hits you with a staff of poison.
* * * LOW HITPOINT WARNING * * *
The vampire bites you!
You die...

#.# #.######..##.# #.#.##
####.###..........#.# #.#.#
#......#.###.##...#.###.#.#
#.##.#.#.# #.##...#.......#
#.##.#.#.###.#..........###
#.##..............#######
#.####.#.#######.##
#......#.#######.#
########.>V@5....#
#########.# #.# #.# #.# #.#
#################.###
#...................#
#.#######..######.#.#


You could see a vampire and a friendly white imp.

Vanquished Creatures
  Pikel (D:6)
  3 ice beasts
  A phantom (D:4)
  The ghost of TheGoonsmith the Cudgeler, an amateur DsBe of Trog (D:3)
  3 ogres
  3 bullfrogs
  A killer bee (D:7)
  A centaur zombie (D:6)
  2 hounds
  A jelly (D:5)
  2 orc wizards (D:5)
  4 orc priests
  4 worker ants
  An iguana (D:7)
  A killer bee zombie (D:5)
  3 hound skeletons
  6 adders
  A gnoll (D:1)
  An ooze (D:1)
  An adder skeleton (D:5)
  2 worms
  A dart slug (D:2)
  2 leopard geckos (D:3)
  11 orcs
  5 bats
  4 giant cockroaches
  2 goblins (D:1)
  3 hobgoblins
  6 jackals
  2 quokkas
  A frilled lizard (D:5)
  8 kobolds
  3 rats (D:1)
91 creatures vanquished.

Vanquished Creatures (collateral kills)
  A slave (D:6)
  An ogre (D:5)
  A quasit (D:7)
3 creatures vanquished.

Vanquished Creatures (others)
  A slave (D:6)
  A crimson imp (D:6)
  A worker ant (D:6)
  A shadow imp (D:6)
  An adder skeleton (D:6)
5 creatures vanquished.

Grand Total: 99 creatures vanquished

Notes
Turn   | Place    | Note
-------+----------+-------------------------------------------
     0 | D:1      | TheGoonsmith the Demonspawn Berserker began the quest for the Orb.
     0 | D:1      | Reached XP level 1. HP: 18/18 MP: 1/1
   196 | D:1      | Reached skill level 3 in Maces & Flails
   209 | D:1      | Gained mutation: You are slightly more attuned to the shadows. [demonic ancestry]
   209 | D:1      | Reached XP level 2. HP: 22/24 MP: 2/2
   619 | D:1      | Gained mutation: You have a pair of small antennae on your head. [demonic ancestry]
   619 | D:1      | Reached XP level 3. HP: 18/29 MP: 3/3
  1070 | D:2      | Reached skill level 4 in Maces & Flails
  1070 | D:2      | Gained mutation: You have a pair of antennae on your head. [demonic ancestry]
  1070 | D:2      | Reached XP level 4. HP: 31/37 MP: 4/4
  1442 | D:3      | Reached ** piety under Trog
  1891 | D:3      | Noticed TheGoonsmith's ghost (amateur DsBe)
  1897 | D:3      | Killed TheGoonsmith's ghost
  1897 | D:3      | Reached skill level 5 in Maces & Flails
  1897 | D:3      | Gained mutation: You are partially covered in yellow scales. (AC +2) [demonic ancestry]
  1897 | D:3      | Reached XP level 5. HP: 42/42 MP: 5/5
  2328 | D:4      | Reached XP level 6. HP: 44/48 MP: 6/6
  2555 | D:4      | Reached skill level 6 in Maces & Flails
  2563 | D:4      | Found an ornate altar of the Wu Jian Council.
  3129 | D:5      | Entered Level 5 of the Dungeon
  3133 | D:5      | Reached skill level 7 in Maces & Flails
  3136 | D:5      | Gained mutation: A weak demonic guardian rushes to your aid. [demonic ancestry]
  3136 | D:5      | Reached XP level 7. HP: 53/53 MP: 7/7
  3468 | D:5      | Found Leprytiu's Armour Emporium.
  3503 | D:5      | Found a staircase to the Ecumenical Temple.
  3673 | D:5      | Found a shadowy altar of Dithmenos.
  4084 | D:5      | Reached skill level 8 in Maces & Flails
  4152 | D:5      | Gained mutation: You are significantly more attuned to the shadows. [demonic ancestry]
  4152 | D:5      | Reached XP level 8. HP: 60/60 MP: 8/8
  4185 | D:6      | Found Legetzai's Food Shoppe.
  4193 | D:6      | Noticed Pikel
  4206 | D:6      | Killed Pikel
  4206 | D:6      | Reached skill level 9 in Maces & Flails
  4424 | D:6      | Reached *** piety under Trog
  4595 | D:6      | Received a gift from Trog
  5072 | D:6      | Found a deep blue altar of Sif Muna.
  5230 | D:7      | Reached skill level 10 in Maces & Flails
  5274 | D:7      | Reached XP level 9. HP: 50/65 MP: 9/9
  5336 | D:6      | Slain by a vampire

Vault maps used:
D:1:      dpeg_arrival_round_a, hangedman_decor_points
D:3:      first_bread, st_stairs_1, minmay_misc_feat_plants
D:4:      nicolae_overflow_hidden_temple
D:5:      minmay_temple_entry_glass, serial_shops, shop, grunt_dithmenos_smoke
D:6:      led_sif_pool, serial_shops, nicolae_shop_stone, uniq_pikel
D:7:      minmay_the_grid_triangle_9x9_recursive_2, hex_tiny, xom_redecorated

Skill      XL: |  1  2  3  4  5  6  7  8 |
---------------+-------------------------+-----
Maces & Flails | 3 4 5 7 8 10 | 10.2
Armour         | 3 4 |  4.2
Fighting       | |  3.7
Dodging        | |  1.7

Action                   |  1- 3 |  4- 6 |  7- 9 || total
-------------------------+-------+-------+-------++-------
Melee: Mace              |   101 |    36 |       ||   137
       Great mace        |       |    84 |   152 ||   236
Invok: Berserk           |       |     3 |     3 ||     6
       Trog's Hand       |       |     1 |     2 ||     3
  Use: Scroll            |       |    10 |       ||    10
       Potion            |       |       |     2 ||     2
  Eat: Chunk             |       |     4 |     6 ||    10
       Bread ration      |       |     1 |       ||     1
       Royal jelly       |       |       |     1 ||     1
       Meat ration       |       |       |     1 ||     1
Armor: Chain mail        |    68 |    86 |   118 ||   272
Dodge: Dodged            |    54 |    53 |    72 ||   179
Block: Buckler           |       |     6 |       ||     6
